Oilers vs Avalanche
Created - January 31, 2022 at 19:42
Goals
|
Oilers |
1 |
1 |
1 |
3 |
Avalanche |
0 |
1 |
1 |
2 |
|
Shots
|
Oilers |
12 |
15 |
13 |
40 |
Avalanche |
6 |
15 |
9 |
30 |
|
1st period
1. Oilers , Jordan Eberle 5 (Ryan Nugent-Hopkins 13, Benoit Pouliot 6) at 8:53
Penalties :
Bryan Little (Col) for Holding (Minor) at 5:21, Yanni Gourde (Edm) for Hooking (Minor) at 16:33
2nd period
2. Oilers , Jordan Eberle 6 (Benoit Pouliot 7, Darnell Nurse 2) at 3:04
3. Avalanche , Erik Karlsson 2 (Mattias Ekholm 5) at 10:56
Penalties :
Rasmus Ristolainen (Edm) for High sticking (Minor) at 4:23, Mattias Ekholm (Col) for Roughing (Minor) at 8:31, Brock McGinn (Edm) for Hooking (Minor) at 13:05
3rd period
4. Oilers , Yanni Gourde 2 (Ted Purcell 1, Tobias Enstrom 2) at 14:34
5. Avalanche , Patric Hornqvist 11 (Mikkel Boedker 17) at 19:06 (PP)
Penalties :
Adam Larsson (Edm) for Tripping (Minor) at 0:41, Patric Hornqvist (Col) for Hooking (Minor) at 2:09, Erik Karlsson (Col) for Holding (Minor) at 9:38, Ted Purcell (Edm) for Hooking (Minor) at 12:15, Cam Barker (Edm) for Hooking (Minor) at 17:47
Goalie Stats
James Reimer (Edm), 28 saves from 30 shots - (0.933), W, 11-7-4, 60:00 minutes
Cam Ward (Col), 37 saves from 40 shots - (0.925), L, 7-7-2, 60:00 minutes
Players Stats for Oilers
Player Name G A P +/- PIM S H SB GA TA FO MP PP MP PK MP
------------------------------------------------------------------------------------
Adam Larsson 0 0 0 1 2 2 0 1 0 1 0/0 18:20 0:02 3:47
Benoit Pouliot 0 2 2 2 0 7 0 0 1 1 0/0 23:39 3:48 3:43
Brock McGinn 0 0 0 0 2 0 3 0 0 0 1/1 9:32 0:00 0:00
Cam Barker 0 0 0 0 2 1 1 4 0 1 0/0 27:10 3:48 5:02
Connor McDavid 0 0 0 0 0 3 1 1 1 2 15/28 21:02 3:37 6:19
Darnell Nurse 0 1 1 1 0 1 3 0 0 3 0/0 22:37 0:32 5:26
Duncan Keith 0 0 0 1 0 1 0 1 0 1 0/0 13:55 3:37 1:19
Jordan Eberle 2 0 2 2 0 6 2 0 1 0 0/1 20:43 3:35 0:00
Kasperi Kapanen 0 0 0 0 0 0 0 0 1 0 0/0 9:48 3:48 0:00
Leon Draisaitl 0 0 0 0 0 1 0 1 0 0 0/1 9:06 0:00 0:35
Maxim Lapierre 0 0 0 0 0 1 2 0 0 0 4/9 10:33 0:00 2:01
Rasmus Ristolainen 0 0 0 -1 2 3 2 1 0 1 0/0 21:52 3:37 2:34
Rick Nash 0 0 0 0 0 2 1 1 0 1 0/0 8:25 0:00 0:00
Ryan Nugent-Hopkins 0 1 1 2 0 5 4 1 1 0 10/23 22:25 3:48 2:23
Taylor Hall 0 0 0 0 0 4 3 0 0 0 0/1 21:15 3:37 6:25
Ted Purcell 0 1 1 0 2 2 1 0 1 0 0/0 6:06 0:00 0:00
Tobias Enstrom 0 1 1 2 0 0 2 0 0 1 0/0 16:07 3:16 3:18
Yanni Gourde 1 0 1 0 2 1 1 0 0 0 1/1 6:05 0:00 0:00
Players Stats for Avalanche
Player Name G A P +/- PIM S H SB GA TA FO MP PP MP PK MP
------------------------------------------------------------------------------------
Bryan Little 0 0 0 -2 2 1 1 1 3 0 13/27 19:50 6:18 0:03
Charlie Coyle 0 0 0 0 0 0 2 0 1 1 13/25 18:40 4:00 3:58
Colten Teubert 0 0 0 1 0 1 1 0 0 1 0/0 17:19 6:09 0:24
Erik Karlsson 1 0 1 0 2 2 3 3 0 1 0/0 19:50 4:34 0:53
Evgeny Dadonov 0 0 0 0 0 1 0 0 1 0 0/0 11:23 0:25 0:00
Jack Johnson 0 0 0 -3 0 2 2 0 1 0 0/0 26:42 4:34 4:06
James Van Riemsdyk 0 0 0 1 0 0 2 0 1 1 0/0 16:43 4:00 1:21
Joel Edmundson 0 0 0 0 0 1 2 0 0 1 0/0 13:22 0:00 2:57
Kyle Turris 0 0 0 -1 0 1 2 0 0 0 1/2 7:42 0:00 2:03
Luke Witkowski 0 0 0 -1 0 4 2 1 1 0 0/0 10:40 0:25 3:47
Marc Staal 0 0 0 -2 0 2 0 1 0 0 0/0 21:15 0:00 4:06
Martin Samuelsson 0 0 0 -1 0 0 0 0 0 1 0/0 7:52 0:09 2:03
Mattias Ekholm 0 1 1 1 2 4 1 0 2 0 0/0 22:01 6:09 2:24
Mikkel Boedker 0 1 1 -2 0 3 5 2 0 0 4/4 20:06 6:34 0:01
Patric Hornqvist 1 0 1 -2 2 3 2 0 0 0 0/0 20:24 6:17 0:00
Pavel Buchnevich 0 0 0 0 0 0 1 0 2 0 0/0 14:33 4:00 0:00
Tomas Fleischmann 0 0 0 0 0 1 0 0 0 0 0/0 10:33 0:00 0:00
Vincent Trocheck 0 0 0 1 0 4 1 0 0 0 3/7 13:05 0:00 1:34
3 Stars
1 - Jordan Eberle (Edm)
2 - Ryan Nugent-Hopkins (Edm)
3 - Benoit Pouliot (Edm)
Power Play
Oilers - 0 on 4 Attempt(s) - 0.00%
Avalanche - 1 on 6 Attempt(s) - 16.67%
Penalty Kill
Oilers - 5 on 6 Attempt(s) - 83.33%
- Score 0 goal in Penalty Kill
Avalanche - 4 on 4 Attempt(s) - 100.00%
- Score 0 goal in Penalty Kill
Team Stat
Oilers - Hits : 26 - Faceoff Wins : 31 - Blocked Shots : 11 - Penalty Minutes : 12
Avalanche - Hits : 27 - Faceoff Wins : 34 - Blocked Shots : 8 - Penalty Minutes : 8
Official
Referees : Corey Syvret and Brandon Blandina
Linesman : Kiel Murchison and Tony Sericolo
Game Notes
14:03 of 1st period - Oilers goal is going for a video replay. After video review, No Goal. The net was displaced accidentally.
Finance
Level 1 -- Attendance: 5814 (96.90%) -- Ticket Income $581,400
Level 2 -- Attendance: 4415 (88.30%) -- Ticket Income $264,900
Level 3 -- Attendance: 1788 (89.40%) -- Ticket Income $62,580
Level 4 -- Attendance: 3665 (91.63%) -- Ticket Income $91,625
Luxury Box -- Attendance: 1000 (100.00%) -- Ticket Income $200,000
Game was played at the Pepsi Center.
Total Attendance: 16682 (92.68%)
Total Ticket Income: $1,200,505
Other Income: $180,076
Total Income: $1,380,581
Oilers
5 vs 5 Forward
Center Left Wing Right Wing Time % Phy DF OF
1 Ryan Nugent-Hopkins Benoit Pouliot Jordan Eberle 40 1 2 2
2 Connor McDavid Taylor Hall Brock McGinn 30 1 2 2
3 Maxim Lapierre Leon Draisaitl Rick Nash 20 1 2 2
4 Yanni Gourde Ted Purcell Kasperi Kapanen 10 1 2 2
5 vs 5 Defense
Defense Defense Time % Phy DF OF
1 Cam Barker Rasmus Ristolainen 40 1 2 2
2 Darnell Nurse Adam Larsson 30 1 2 2
3 Tobias Enstrom Duncan Keith 20 1 2 2
4 Cam Barker Darnell Nurse 10 1 2 2
PowerPlay Forward
Center Left Wing Right Wing Time % Phy DF OF
1 Connor McDavid Taylor Hall Jordan Eberle 60 1 2 2
2 Ryan Nugent-Hopkins Benoit Pouliot Kasperi Kapanen 40 1 2 2
PowerPlay Defense
Defense Defense Time % Phy DF OF
1 Cam Barker Tobias Enstrom 60 1 2 2
2 Rasmus Ristolainen Duncan Keith 40 1 2 2
Penalty Kill 4 Players Forward
Center Wing Time % Phy DF OF
1 Connor McDavid Taylor Hall 60 1 2 2
2 Ryan Nugent-Hopkins Benoit Pouliot 40 1 2 2
Penalty Kill 4 Players Defense
Defense Defense Time % Phy DF OF
1 Cam Barker Darnell Nurse 60 1 2 2
2 Rasmus Ristolainen Adam Larsson 40 1 2 2
Penalty Kill - 3 Players Forward
Forward Time % Phy DF OF
1 Connor McDavid 60 1 2 2
2 Ryan Nugent-Hopkins 40 1 2 2
Penalty Kill - 3 Players Defense
Defense Defense Time % Phy DF OF
1 Cam Barker Darnell Nurse 60 1 2 2
2 Rasmus Ristolainen Adam Larsson 40 1 2 2
4 vs 4 Forward
Center Wing Time % Phy DF OF
1 Connor McDavid Taylor Hall 60 1 2 2
2 Ryan Nugent-Hopkins Benoit Pouliot 40 1 2 2
4 vs 4 Defense
Defense Defense Time % Phy DF OF
1 Cam Barker Darnell Nurse 60 1 2 2
2 Rasmus Ristolainen Adam Larsson 40 1 2 2
Last Minutes Offensive
Center Left Wing Right Wing Defense Defense
Connor McDavid Taylor Hall Jordan Eberle Cam Barker Darnell Nurse
Last Minutes Defensive
Center Left Wing Right Wing Defense Defense
Connor McDavid Taylor Hall Jordan Eberle Cam Barker Darnell Nurse
Goaltenders
Starting : James Reimer
Backup : Jonas Hiller
Extra Forwards
Normal : Connor McDavid, Leon Draisaitl, Ryan Nugent-Hopkins - PP : Connor McDavid, Leon Draisaitl - PK : Connor McDavid
Extra Defensemen
Normal : Adam Larsson, Tobias Enstrom, Duncan Keith - PP : Adam Larsson - PK : Adam Larsson, Tobias Enstrom
Penalty Shots
Taylor Hall, Jordan Eberle, Rick Nash, Benoit Pouliot, Connor McDavid
Scratches
Jordan Caron (Healthy)
Avalanche
5 vs 5 Forward
Center Left Wing Right Wing Time % Phy DF OF
1 Bryan Little Mikkel Boedker Patric Hornqvist 35 1 2 2
2 Charlie Coyle James Van Riemsdyk Evgeny Dadonov 30 1 2 2
3 Vincent Trocheck Tomas Fleischmann Pavel Buchnevich 25 1 2 2
4 Kyle Turris Martin Samuelsson Luke Witkowski 10 1 2 2
5 vs 5 Defense
Defense Defense Time % Phy DF OF
1 Jack Johnson Marc Staal 40 1 2 2
2 Erik Karlsson Mattias Ekholm 35 1 2 2
3 Colten Teubert Joel Edmundson 25 1 2 2
4 Jack Johnson Marc Staal 0 1 2 2
PowerPlay Forward
Center Left Wing Right Wing Time % Phy DF OF
1 Bryan Little Mikkel Boedker Patric Hornqvist 60 1 2 2
2 Charlie Coyle James Van Riemsdyk Pavel Buchnevich 40 1 2 2
PowerPlay Defense
Defense Defense Time % Phy DF OF
1 Jack Johnson Erik Karlsson 60 1 2 2
2 Colten Teubert Mattias Ekholm 40 1 2 2
Penalty Kill 4 Players Forward
Center Wing Time % Phy DF OF
1 Charlie Coyle Luke Witkowski 60 1 2 2
2 Kyle Turris Martin Samuelsson 40 1 2 2
Penalty Kill 4 Players Defense
Defense Defense Time % Phy DF OF
1 Jack Johnson Marc Staal 60 1 2 2
2 Joel Edmundson Mattias Ekholm 40 1 2 2
Penalty Kill - 3 Players Forward
Forward Time % Phy DF OF
1 Mikkel Boedker 60 1 2 2
2 Patric Hornqvist 40 1 2 2
Penalty Kill - 3 Players Defense
Defense Defense Time % Phy DF OF
1 Jack Johnson Marc Staal 60 1 2 2
2 Erik Karlsson Mattias Ekholm 40 1 2 2
4 vs 4 Forward
Center Wing Time % Phy DF OF
1 Mikkel Boedker Patric Hornqvist 60 1 2 2
2 Bryan Little Charlie Coyle 40 1 2 2
4 vs 4 Defense
Defense Defense Time % Phy DF OF
1 Jack Johnson Marc Staal 60 1 2 2
2 Erik Karlsson Mattias Ekholm 40 1 2 2
Last Minutes Offensive
Center Left Wing Right Wing Defense Defense
Bryan Little Mikkel Boedker Patric Hornqvist Jack Johnson Erik Karlsson
Last Minutes Defensive
Center Left Wing Right Wing Defense Defense
Charlie Coyle Martin Samuelsson Luke Witkowski Jack Johnson Marc Staal
Goaltenders
Starting : Cam Ward
Backup : Semyon Varlamov
Extra Forwards
Normal : Luke Witkowski, James Van Riemsdyk, Vincent Trocheck - PP : Luke Witkowski, James Van Riemsdyk - PK : Vincent Trocheck
Extra Defensemen
Normal : Colten Teubert, Mattias Ekholm, Erik Karlsson - PP : Colten Teubert - PK : Mattias Ekholm, Erik Karlsson
Penalty Shots
Mikkel Boedker, Patric Hornqvist, Bryan Little, Charlie Coyle, Evgeny Dadonov
Scratches
None
% Time on Ice - Oilers
Lines # - Real PCT - Wanted PCT - Time Play
Normal Forward
1 - 42% - 40% - 16:52
2 - 23% - 30% - 9:11
3 - 21% - 20% - 8:25
4 - 15% - 10% - 6:00
Normal Defense
1 - 39% - 40% - 15:37
2 - 37% - 30% - 14:58
3 - 21% - 20% - 8:33
4 - 3% - 10% - 1:20
PP Forward
1 - 49% - 60% - 3:37
2 - 51% - 40% - 3:48
PP Defense
1 - 51% - 60% - 3:48
2 - 49% - 40% - 3:37
PK Forward
1 - 78% - 60% - 8:23
2 - 22% - 40% - 2:20
PK Defense
1 - 65% - 60% - 6:57
2 - 35% - 40% - 3:46
PK3 Forward
1 - 0% - 60%
2 - 0% - 40%
PK3 Defense
1 - 0% - 60%
2 - 0% - 40%
44 Forward
1 - 100% - 60% - 0:31
2 - 0% - 40% - 0:00
44 Defense
1 - 100% - 60% - 0:31
2 - 0% - 40% - 0:00
Last Minute Offensive - 0:00
Last Minute Defensive - 0:53
Total
Forward - 60:00
Defense - 60:00
|
% Time on Ice - Avalanche
Lines # - Real PCT - Wanted PCT - Time Play
Normal Forward
1 - 34% - 35% - 13:34
2 - 27% - 30% - 10:51
3 - 26% - 25% - 10:33
4 - 14% - 10% - 5:30
Normal Defense
1 - 43% - 40% - 17:15
2 - 33% - 35% - 13:25
3 - 24% - 25% - 9:48
4 - 0% - 0% - 0:00
PP Forward
1 - 63% - 60% - 6:43
2 - 37% - 40% - 4:00
PP Defense
1 - 43% - 60% - 4:34
2 - 57% - 40% - 6:09
PK Forward
1 - 72% - 60% - 5:22
2 - 28% - 40% - 2:03
PK Defense
1 - 55% - 60% - 4:06
2 - 45% - 40% - 3:19
PK3 Forward
1 - 0% - 60%
2 - 0% - 40%
PK3 Defense
1 - 0% - 60%
2 - 0% - 40%
44 Forward
1 - 100% - 60% - 0:31
2 - 0% - 40% - 0:00
44 Defense
1 - 87% - 60% - 0:27
2 - 13% - 40% - 0:04
Last Minute Offensive - 0:53
Last Minute Defensive - 0:00
Total
Forward - 60:00
Defense - 60:00
|
Play-by-Play
1st period
0:01 of 1st period - Bryan Little wins face-off versus Jordan Eberle in neutral zone.
0:06 of 1st period - Wrist shot by Mikkel Boedker.
0:06 of 1st period - Stopped by James Reimer with a rebound.
0:08 of 1st period - Snap shot by Marc Staal.
0:08 of 1st period - Shot Misses the Net.
0:10 of 1st period - Slapshot by Marc Staal.
0:10 of 1st period - Shot Blocked by Cam Barker.
0:12 of 1st period - Wrist shot by Patric Hornqvist.
0:12 of 1st period - Deflect By Mikkel Boedker.
0:12 of 1st period - Shot Misses the Net.
0:12 of 1st period - Puck is out of play.
0:13 of 1st period - Brock McGinn wins face-off versus Charlie Coyle in Oilers zone.
0:13 of 1st period - Brock McGinn is hit by Erik Karlsson.
0:26 of 1st period - Icing by Taylor Hall.
0:27 of 1st period - Vincent Trocheck wins face-off versus Connor McDavid in Oilers zone.
0:36 of 1st period - Colten Teubert is hit by Taylor Hall and loses puck.
0:43 of 1st period - Wrist shot by Connor McDavid.
0:43 of 1st period - Shot Misses the Net.
0:45 of 1st period - Slapshot by Adam Larsson.
0:45 of 1st period - Stopped by Cam Ward with a rebound.
1:15 of 1st period - Wrist shot by Taylor Hall.
1:15 of 1st period - Stopped by Cam Ward without a rebound.
1:16 of 1st period - Bryan Little wins face-off versus Ryan Nugent-Hopkins in Avalanche zone.
1:27 of 1st period - Snap shot by Patric Hornqvist.
1:27 of 1st period - Stopped by James Reimer without a rebound.
1:28 of 1st period - Charlie Coyle wins face-off versus Leon Draisaitl in Oilers zone.
1:40 of 1st period - Maxim Lapierre is hit by Erik Karlsson and loses puck.
2:44 of 1st period - Snap shot by Rick Nash.
2:44 of 1st period - Stopped by Cam Ward without a rebound.
2:45 of 1st period - Ryan Nugent-Hopkins wins face-off versus Charlie Coyle in Avalanche zone.
3:53 of 1st period - Bryan Little is hit by Ryan Nugent-Hopkins and loses puck.
4:18 of 1st period - Slapshot by Taylor Hall.
4:18 of 1st period - Shot Misses the Net.
4:39 of 1st period - Jordan Eberle is hit by James Van Riemsdyk and loses puck.
4:54 of 1st period - Cam Barker is hit by Joel Edmundson and loses puck.
5:04 of 1st period - Wrist shot by Tomas Fleischmann.
5:04 of 1st period - Stopped by James Reimer with a rebound.
5:06 of 1st period - Snap shot by Pavel Buchnevich.
5:06 of 1st period - Shot Blocked by Cam Barker.
5:08 of 1st period - Snap shot by Tomas Fleischmann.
5:08 of 1st period - Shot Misses the Net.
5:18 of 1st period - Slapshot by Rasmus Ristolainen.
5:18 of 1st period - Stopped by Cam Ward without a rebound.
5:19 of 1st period - Mikkel Boedker wins face-off versus Maxim Lapierre in Avalanche zone.
5:21 of 1st period - Minor Penalty to Bryan Little for Holding.
5:22 of 1st period - Charlie Coyle wins face-off versus Connor McDavid in Avalanche zone.
5:52 of 1st period - Jack Johnson is hit by Ryan Nugent-Hopkins.
7:08 of 1st period - Kasperi Kapanen is hit by Jack Johnson and loses puck.
7:21 of 1st period - Penalty to Bryan Little is over, Bryan Little is back on ice.
7:24 of 1st period - Off-side.
7:25 of 1st period - Bryan Little wins face-off versus Maxim Lapierre in neutral zone.
7:28 of 1st period - Adam Larsson is hit by Patric Hornqvist and loses puck.
8:33 of 1st period - Icing by Jordan Eberle.
8:34 of 1st period - Bryan Little wins face-off versus Ryan Nugent-Hopkins in Oilers zone.
8:37 of 1st period - Snap shot by Mikkel Boedker.
8:37 of 1st period - Shot Misses the Net.
8:51 of 1st period - Slapshot by Ryan Nugent-Hopkins.
8:51 of 1st period - Stopped by Cam Ward with a rebound.
8:53 of 1st period - Slapshot by Jordan Eberle.
8:53 of 1st period - Goal by Jordan Eberle - Oilers : 1 - Avalanche : 0.
8:54 of 1st period - Ryan Nugent-Hopkins wins face-off versus Charlie Coyle in neutral zone.
9:01 of 1st period - Wrist shot by Benoit Pouliot.
9:01 of 1st period - Shot Blocked by Marc Staal.
9:26 of 1st period - Snap shot by Patric Hornqvist.
9:26 of 1st period - Deflect By Mikkel Boedker.
9:26 of 1st period - Shot Misses the Net.
9:26 of 1st period - Puck is out of play.
9:27 of 1st period - Connor McDavid wins face-off versus Bryan Little in Oilers zone.
9:56 of 1st period - Snap shot by Benoit Pouliot.
9:56 of 1st period - Stopped by Cam Ward without a rebound.
9:57 of 1st period - Charlie Coyle wins face-off versus Ryan Nugent-Hopkins in Avalanche zone.
10:02 of 1st period - Slapshot by Rasmus Ristolainen.
10:02 of 1st period - Stopped by Cam Ward without a rebound.
10:03 of 1st period - Ryan Nugent-Hopkins wins face-off versus Vincent Trocheck in Avalanche zone.
10:20 of 1st period - Snap shot by Vincent Trocheck.
10:20 of 1st period - Stopped by James Reimer with a rebound.
11:40 of 1st period - Wrist shot by Tomas Fleischmann.
11:40 of 1st period - Shot Hit the Post.
11:42 of 1st period - Snap shot by Mattias Ekholm.
11:42 of 1st period - Deflect By Vincent Trocheck.
11:42 of 1st period - Shot Blocked by Ryan Nugent-Hopkins.
11:42 of 1st period - Puck is out of play.
11:43 of 1st period - Connor McDavid wins face-off versus Bryan Little in Oilers zone.
11:43 of 1st period - Connor McDavid is hit by Mikkel Boedker.
11:51 of 1st period - Marc Staal is hit by Brock McGinn and loses puck.
12:00 of 1st period - Wrist shot by Taylor Hall.
12:00 of 1st period - Shot Misses the Net.
12:10 of 1st period - Duncan Keith is hit by Charlie Coyle.
12:36 of 1st period - Vincent Trocheck is hit by Cam Barker and loses puck.
12:59 of 1st period - Martin Samuelsson is hit by Ted Purcell and loses puck.
13:08 of 1st period - Duncan Keith is hit by Kyle Turris and loses puck.
13:47 of 1st period - Off-side.
13:48 of 1st period - Ryan Nugent-Hopkins wins face-off versus Charlie Coyle in neutral zone.
13:53 of 1st period - Wrist shot by Jordan Eberle.
13:53 of 1st period - Stopped by Cam Ward with a rebound.
13:55 of 1st period - Slapshot by Cam Barker.
13:55 of 1st period - Shot Misses the Net.
13:57 of 1st period - Snap shot by Benoit Pouliot.
13:57 of 1st period - Stopped by Cam Ward with a rebound.
13:59 of 1st period - Slapshot by Cam Barker.
13:59 of 1st period - Stopped by Cam Ward with a rebound.
14:03 of 1st period - Snap shot by Benoit Pouliot.
14:03 of 1st period - Oilers goal is going for a video replay.
14:03 of 1st period - The goal is refused. The net was displaced accidentally..
14:04 of 1st period - Connor McDavid wins face-off versus Bryan Little in Avalanche zone.
15:09 of 1st period - Backhand shot by Martin Samuelsson.
15:09 of 1st period - Deflect By Luke Witkowski.
15:09 of 1st period - Stopped by James Reimer with a rebound.
15:11 of 1st period - Slapshot by Mattias Ekholm.
15:11 of 1st period - Stopped by James Reimer without a rebound.
15:12 of 1st period - Charlie Coyle wins face-off versus Connor McDavid in Oilers zone.
16:19 of 1st period - Tomas Fleischmann is hit by Yanni Gourde and loses puck.
16:33 of 1st period - Minor Penalty to Yanni Gourde for Hooking.
16:34 of 1st period - Connor McDavid wins face-off versus Bryan Little in Oilers zone.
16:34 of 1st period - Connor McDavid is hit by Bryan Little.
18:33 of 1st period - Penalty to Yanni Gourde is over, Yanni Gourde is back on ice.
19:20 of 1st period - Luke Witkowski is hit by Connor McDavid and loses puck.
Goals for this period are 1 for Oilers vs 0 for Avalanche.
Shots for this period are 12 for Oilers vs 6 for Avalanche.
2nd period
0:01 of 2nd period - Ryan Nugent-Hopkins wins face-off versus Bryan Little in neutral zone.
0:08 of 2nd period - Snap shot by Jordan Eberle.
0:08 of 2nd period - Shot Misses the Net.
0:53 of 2nd period - Joel Edmundson is hit by Brock McGinn and loses puck.
0:57 of 2nd period - Icing by Joel Edmundson.
0:58 of 2nd period - Connor McDavid wins face-off versus Charlie Coyle in Avalanche zone.
1:01 of 2nd period - Snap shot by Connor McDavid.
1:01 of 2nd period - Stopped by Cam Ward with a rebound.
1:07 of 2nd period - Adam Larsson is hit by James Van Riemsdyk and loses puck.
1:44 of 2nd period - Slapshot by Joel Edmundson.
1:44 of 2nd period - Stopped by James Reimer with a rebound.
1:54 of 2nd period - Wrist shot by Taylor Hall.
1:54 of 2nd period - Stopped by Cam Ward without a rebound.
1:55 of 2nd period - Bryan Little wins face-off versus Ryan Nugent-Hopkins in Avalanche zone.
2:28 of 2nd period - Snap shot by Leon Draisaitl.
2:28 of 2nd period - Stopped by Cam Ward without a rebound.
2:29 of 2nd period - Vincent Trocheck wins face-off versus Maxim Lapierre in Avalanche zone.
2:29 of 2nd period - Vincent Trocheck is hit by Darnell Nurse.
3:04 of 2nd period - Wrist shot by Jordan Eberle.
3:04 of 2nd period - Goal by Jordan Eberle - Oilers : 2 - Avalanche : 0.
3:05 of 2nd period - Bryan Little wins face-off versus Ryan Nugent-Hopkins in neutral zone.
3:08 of 2nd period - Wrist shot by Patric Hornqvist.
3:08 of 2nd period - Shot Misses the Net.
3:10 of 2nd period - Slapshot by Mattias Ekholm.
3:10 of 2nd period - Stopped by James Reimer without a rebound.
3:11 of 2nd period - Bryan Little wins face-off versus Ryan Nugent-Hopkins in Oilers zone.
3:14 of 2nd period - Snap shot by Mikkel Boedker.
3:14 of 2nd period - Stopped by James Reimer with a rebound.
3:16 of 2nd period - Slapshot by Mattias Ekholm.
3:16 of 2nd period - Stopped by James Reimer without a rebound.
3:17 of 2nd period - Ryan Nugent-Hopkins wins face-off versus Bryan Little in Oilers zone.
3:17 of 2nd period - Ryan Nugent-Hopkins is hit by Patric Hornqvist.
3:23 of 2nd period - Snap shot by Cam Barker.
3:23 of 2nd period - Deflect By Benoit Pouliot.
3:23 of 2nd period - Stopped by Cam Ward with a rebound.
3:25 of 2nd period - Snap shot by Benoit Pouliot.
3:25 of 2nd period - Stopped by Cam Ward without a rebound.
3:26 of 2nd period - Mikkel Boedker wins face-off versus Ryan Nugent-Hopkins in Avalanche zone.
3:26 of 2nd period - Mikkel Boedker is hit by Rasmus Ristolainen.
3:53 of 2nd period - Wrist shot by Benoit Pouliot.
3:53 of 2nd period - Shot Blocked by Erik Karlsson.
3:55 of 2nd period - Slapshot by Jordan Eberle.
3:55 of 2nd period - Stopped by Cam Ward with a rebound.
4:09 of 2nd period - Snap shot by Ryan Nugent-Hopkins.
4:09 of 2nd period - Stopped by Cam Ward with a rebound.
4:11 of 2nd period - Snap shot by Benoit Pouliot.
4:11 of 2nd period - Stopped by Cam Ward with a rebound.
4:13 of 2nd period - Wrist shot by Ryan Nugent-Hopkins.
4:13 of 2nd period - Stopped by Cam Ward with a rebound.
4:21 of 2nd period - Slapshot by Erik Karlsson.
4:21 of 2nd period - Shot Misses the Net.
4:23 of 2nd period - Minor Penalty to Rasmus Ristolainen for High sticking.
4:24 of 2nd period - Charlie Coyle wins face-off versus Connor McDavid in Oilers zone.
4:31 of 2nd period - Snap shot by Charlie Coyle.
4:31 of 2nd period - Shot Hit the Post.
4:33 of 2nd period - Wrist shot by James Van Riemsdyk.
4:33 of 2nd period - Shot Hit the Post.
4:35 of 2nd period - Slapshot by Erik Karlsson.
4:35 of 2nd period - Deflect By Taylor Hall.
4:35 of 2nd period - Stopped by James Reimer with a rebound.
4:37 of 2nd period - Slapshot by James Van Riemsdyk.
4:37 of 2nd period - Shot Misses the Net.
5:11 of 2nd period - Pavel Buchnevich is hit by Ryan Nugent-Hopkins and loses puck.
5:20 of 2nd period - Ryan Nugent-Hopkins is hit by Colten Teubert and loses puck.
5:49 of 2nd period - Jack Johnson is hit by Maxim Lapierre and loses puck.
6:23 of 2nd period - Penalty to Rasmus Ristolainen is over, Rasmus Ristolainen is back on ice.
6:36 of 2nd period - Wrist shot by Yanni Gourde.
6:36 of 2nd period - Shot Misses the Net.
6:38 of 2nd period - Wrist shot by Yanni Gourde.
6:38 of 2nd period - Deflect By Ted Purcell.
6:38 of 2nd period - Shot Misses the Net.
6:38 of 2nd period - Puck is out of play.
6:39 of 2nd period - Vincent Trocheck wins face-off versus Maxim Lapierre in Avalanche zone.
6:43 of 2nd period - Off-side.
6:44 of 2nd period - Maxim Lapierre wins face-off versus Vincent Trocheck in neutral zone.
7:11 of 2nd period - Wrist shot by Jordan Eberle.
7:11 of 2nd period - Stopped by Cam Ward with a rebound.
7:13 of 2nd period - Slapshot by Rasmus Ristolainen.
7:13 of 2nd period - Shot Misses the Net.
7:15 of 2nd period - Snap shot by Ryan Nugent-Hopkins.
7:15 of 2nd period - Stopped by Cam Ward without a rebound.
7:16 of 2nd period - Ryan Nugent-Hopkins wins face-off versus Charlie Coyle in Avalanche zone.
7:33 of 2nd period - Wrist shot by Benoit Pouliot.
7:33 of 2nd period - Shot Hit the Post.
7:43 of 2nd period - Taylor Hall is hit by Mikkel Boedker and loses puck.
7:52 of 2nd period - Backhand shot by Patric Hornqvist.
7:52 of 2nd period - Stopped by James Reimer without a rebound.
7:53 of 2nd period - Ryan Nugent-Hopkins wins face-off versus Vincent Trocheck in Oilers zone.
8:06 of 2nd period - Slapshot by Vincent Trocheck.
8:06 of 2nd period - Stopped by James Reimer with a rebound.
8:08 of 2nd period - Wrist shot by Vincent Trocheck.
8:08 of 2nd period - Stopped by James Reimer with a rebound.
8:10 of 2nd period - Slapshot by Jack Johnson.
8:10 of 2nd period - Shot Blocked by Cam Barker.
8:17 of 2nd period - Icing by Ryan Nugent-Hopkins.
8:18 of 2nd period - Ryan Nugent-Hopkins wins face-off versus Bryan Little in Oilers zone.
8:18 of 2nd period - Ryan Nugent-Hopkins is hit by Mikkel Boedker.
8:31 of 2nd period - Minor Penalty to Mattias Ekholm for Roughing.
8:32 of 2nd period - Charlie Coyle wins face-off versus Connor McDavid in Avalanche zone.
9:00 of 2nd period - Slapshot by Rasmus Ristolainen.
9:00 of 2nd period - Shot Blocked by Luke Witkowski.
9:02 of 2nd period - Wrist shot by Duncan Keith.
9:02 of 2nd period - Stopped by Cam Ward with a rebound.
10:31 of 2nd period - Penalty to Mattias Ekholm is over, Mattias Ekholm is back on ice.
10:41 of 2nd period - Snap shot by Vincent Trocheck.
10:41 of 2nd period - Shot Blocked by Rasmus Ristolainen.
10:49 of 2nd period - Mattias Ekholm is hit by Rasmus Ristolainen and loses puck.
10:56 of 2nd period - Slapshot by Erik Karlsson.
10:56 of 2nd period - Goal by Erik Karlsson - Oilers : 2 - Avalanche : 1.
10:57 of 2nd period - Bryan Little wins face-off versus Ryan Nugent-Hopkins in neutral zone.
11:24 of 2nd period - Jack Johnson is hit by Taylor Hall and loses puck.
11:47 of 2nd period - Leon Draisaitl is hit by Luke Witkowski and loses puck.
12:06 of 2nd period - Slapshot by Vincent Trocheck.
12:06 of 2nd period - Stopped by James Reimer with a rebound.
12:08 of 2nd period - Snap shot by Tomas Fleischmann.
12:08 of 2nd period - Shot Misses the Net.
12:42 of 2nd period - Mikkel Boedker is hit by Jordan Eberle and loses puck.
12:49 of 2nd period - Benoit Pouliot is hit by Erik Karlsson and loses puck.
13:02 of 2nd period - Wrist shot by Mikkel Boedker.
13:02 of 2nd period - Stopped by James Reimer without a rebound.
13:03 of 2nd period - Connor McDavid wins face-off versus Charlie Coyle in Oilers zone.
13:05 of 2nd period - Minor Penalty to Brock McGinn for Hooking.
13:06 of 2nd period - Mikkel Boedker wins face-off versus Connor McDavid in Oilers zone.
13:06 of 2nd period - Wrist shot by Bryan Little.
13:06 of 2nd period - Shot Misses the Net.
13:24 of 2nd period - Mikkel Boedker is hit by Taylor Hall and loses puck.
14:29 of 2nd period - Maxim Lapierre is hit by Mikkel Boedker and loses puck.
14:52 of 2nd period - Snap shot by Mikkel Boedker.
14:52 of 2nd period - Shot Misses the Net.
15:05 of 2nd period - Penalty to Brock McGinn is over, Brock McGinn is back on ice.
15:22 of 2nd period - Wrist shot by Connor McDavid.
15:22 of 2nd period - Shot Misses the Net.
15:24 of 2nd period - Slapshot by Taylor Hall.
15:24 of 2nd period - Shot Misses the Net.
15:26 of 2nd period - Slapshot by Connor McDavid.
15:26 of 2nd period - Shot Blocked by Mikkel Boedker.
15:28 of 2nd period - Wrist shot by Taylor Hall.
15:28 of 2nd period - Stopped by Cam Ward without a rebound.
15:29 of 2nd period - Maxim Lapierre wins face-off versus Charlie Coyle in Avalanche zone.
15:32 of 2nd period - Snap shot by Maxim Lapierre.
15:32 of 2nd period - Stopped by Cam Ward without a rebound.
15:33 of 2nd period - Maxim Lapierre wins face-off versus Charlie Coyle in Avalanche zone.
15:43 of 2nd period - Off-side.
15:44 of 2nd period - Charlie Coyle wins face-off versus Ryan Nugent-Hopkins in neutral zone.
16:34 of 2nd period - Darnell Nurse is hit by Kyle Turris and loses puck.
16:53 of 2nd period - Evgeny Dadonov is hit by Darnell Nurse and loses puck.
17:42 of 2nd period - Snap shot by Luke Witkowski.
17:42 of 2nd period - Stopped by James Reimer without a rebound.
17:43 of 2nd period - Bryan Little wins face-off versus Connor McDavid in Oilers zone.
19:02 of 2nd period - Wrist shot by Kyle Turris.
19:02 of 2nd period - Stopped by James Reimer with a rebound.
19:04 of 2nd period - Slapshot by Marc Staal.
19:04 of 2nd period - Stopped by James Reimer with a rebound.
19:21 of 2nd period - Bryan Little is hit by Brock McGinn and loses puck.
19:40 of 2nd period - Slapshot by Mattias Ekholm.
19:40 of 2nd period - Stopped by James Reimer without a rebound.
19:41 of 2nd period - Ryan Nugent-Hopkins wins face-off versus Charlie Coyle in Oilers zone.
Goals for this period are 1 for Oilers vs 1 for Avalanche.
Shots for this period are 15 for Oilers vs 15 for Avalanche.
3rd period
0:01 of 3rd period - Connor McDavid wins face-off versus Charlie Coyle in neutral zone.
0:03 of 3rd period - Off-side.
0:04 of 3rd period - Charlie Coyle wins face-off versus Connor McDavid in neutral zone.
0:11 of 3rd period - Snap shot by Evgeny Dadonov.
0:11 of 3rd period - Stopped by James Reimer with a rebound.
0:13 of 3rd period - Slapshot by Marc Staal.
0:13 of 3rd period - Deflect By Brock McGinn.
0:13 of 3rd period - Stopped by James Reimer with a rebound.
0:15 of 3rd period - Slapshot by Marc Staal.
0:15 of 3rd period - Shot Blocked by Cam Barker.
0:33 of 3rd period - Snap shot by Rasmus Ristolainen.
0:33 of 3rd period - Stopped by Cam Ward without a rebound.
0:34 of 3rd period - Bryan Little wins face-off versus Ryan Nugent-Hopkins in Avalanche zone.
0:34 of 3rd period - Bryan Little is hit by Ryan Nugent-Hopkins.
0:41 of 3rd period - Minor Penalty to Adam Larsson for Tripping.
0:42 of 3rd period - Connor McDavid wins face-off versus Bryan Little in Oilers zone.
1:52 of 3rd period - Icing by James Van Riemsdyk.
1:53 of 3rd period - Charlie Coyle wins face-off versus Connor McDavid in Avalanche zone.
2:06 of 3rd period - Slapshot by Ryan Nugent-Hopkins.
2:06 of 3rd period - Stopped by Cam Ward without a rebound.
2:07 of 3rd period - Bryan Little wins face-off versus Ryan Nugent-Hopkins in Avalanche zone.
2:09 of 3rd period - Minor Penalty to Patric Hornqvist for Hooking.
2:10 of 3rd period - Mikkel Boedker wins face-off versus Connor McDavid in Avalanche zone.
2:18 of 3rd period - Snap shot by Jack Johnson.
2:18 of 3rd period - Deflect By Taylor Hall.
2:18 of 3rd period - Stopped by James Reimer with a rebound.
2:20 of 3rd period - Slapshot by Jack Johnson.
2:20 of 3rd period - Stopped by James Reimer with a rebound.
2:22 of 3rd period - Wrist shot by Luke Witkowski.
2:22 of 3rd period - Shot Misses the Net.
2:41 of 3rd period - Penalty to Adam Larsson is over, Adam Larsson is back on ice.
3:01 of 3rd period - Icing by Kasperi Kapanen.
3:02 of 3rd period - Charlie Coyle wins face-off versus Taylor Hall in Oilers zone.
3:39 of 3rd period - Kyle Turris is hit by Jordan Eberle and loses puck.
4:09 of 3rd period - Penalty to Patric Hornqvist is over, Patric Hornqvist is back on ice.
4:14 of 3rd period - Cam Barker is hit by Joel Edmundson and loses puck.
4:21 of 3rd period - Luke Witkowski is hit by Tobias Enstrom.
4:27 of 3rd period - Snap shot by Vincent Trocheck.
4:27 of 3rd period - Shot Misses the Net.
4:29 of 3rd period - Wrist shot by Vincent Trocheck.
4:29 of 3rd period - Shot Blocked by Leon Draisaitl.
4:31 of 3rd period - Slapshot by Erik Karlsson.
4:31 of 3rd period - Shot Blocked by Rick Nash.
4:53 of 3rd period - Rick Nash is hit by Vincent Trocheck and loses puck.
5:04 of 3rd period - Backhand shot by Luke Witkowski.
5:04 of 3rd period - Stopped by James Reimer with a rebound.
5:06 of 3rd period - Wrist shot by Luke Witkowski.
5:06 of 3rd period - Stopped by James Reimer with a rebound.
5:08 of 3rd period - Slapshot by Joel Edmundson.
5:08 of 3rd period - Deflect By Vincent Trocheck.
5:08 of 3rd period - Shot Misses the Net.
5:08 of 3rd period - Puck is out of play.
5:09 of 3rd period - Charlie Coyle wins face-off versus Ryan Nugent-Hopkins in Oilers zone.
6:00 of 3rd period - Slapshot by Ryan Nugent-Hopkins.
6:00 of 3rd period - Shot Blocked by Erik Karlsson.
6:02 of 3rd period - Slapshot by Darnell Nurse.
6:02 of 3rd period - Stopped by Cam Ward with a rebound.
7:01 of 3rd period - Patric Hornqvist is hit by Rick Nash and loses puck.
7:26 of 3rd period - Snap shot by Taylor Hall.
7:26 of 3rd period - Shot Misses the Net.
7:51 of 3rd period - Cam Barker is hit by Luke Witkowski and loses puck.
8:23 of 3rd period - Connor McDavid is hit by Pavel Buchnevich and loses puck.
8:44 of 3rd period - Marc Staal is hit by Tobias Enstrom and loses puck.
8:57 of 3rd period - Yanni Gourde is hit by Jack Johnson and loses puck.
9:30 of 3rd period - Snap shot by Rick Nash.
9:30 of 3rd period - Stopped by Cam Ward without a rebound.
9:31 of 3rd period - Maxim Lapierre wins face-off versus Vincent Trocheck in Avalanche zone.
9:36 of 3rd period - Slapshot by Leon Draisaitl.
9:36 of 3rd period - Shot Misses the Net.
9:38 of 3rd period - Minor Penalty to Erik Karlsson for Holding.
9:39 of 3rd period - Charlie Coyle wins face-off versus Connor McDavid in Avalanche zone.
9:50 of 3rd period - Taylor Hall is hit by Charlie Coyle and loses puck.
11:36 of 3rd period - Icing by Connor McDavid.
11:37 of 3rd period - Connor McDavid wins face-off versus Kyle Turris in Oilers zone.
11:38 of 3rd period - Penalty to Erik Karlsson is over, Erik Karlsson is back on ice.
11:57 of 3rd period - Off-side.
11:58 of 3rd period - Yanni Gourde wins face-off versus Charlie Coyle in neutral zone.
12:13 of 3rd period - Snap shot by James Van Riemsdyk.
12:13 of 3rd period - Shot Misses the Net.
12:15 of 3rd period - Minor Penalty to Ted Purcell for Hooking.
12:16 of 3rd period - Connor McDavid wins face-off versus Bryan Little in Oilers zone.
12:25 of 3rd period - Connor McDavid is hit by Mikkel Boedker and loses puck.
13:24 of 3rd period - Adam Larsson is hit by Mattias Ekholm and loses puck.
14:15 of 3rd period - Penalty to Ted Purcell is over, Ted Purcell is back on ice.
14:26 of 3rd period - Wrist shot by Ted Purcell.
14:26 of 3rd period - Stopped by Cam Ward with a rebound.
14:28 of 3rd period - Slapshot by Tobias Enstrom.
14:28 of 3rd period - Deflect By Ted Purcell.
14:28 of 3rd period - Stopped by Cam Ward with a rebound.
14:34 of 3rd period - Snap shot by Yanni Gourde.
14:34 of 3rd period - Goal by Yanni Gourde - Oilers : 3 - Avalanche : 1.
14:35 of 3rd period - Charlie Coyle wins face-off versus Ryan Nugent-Hopkins in neutral zone.
15:11 of 3rd period - Bryan Little is hit by Darnell Nurse.
15:34 of 3rd period - Snap shot by Vincent Trocheck.
15:34 of 3rd period - Shot Blocked by Adam Larsson.
16:22 of 3rd period - Snap shot by Benoit Pouliot.
16:22 of 3rd period - Stopped by Cam Ward with a rebound.
17:15 of 3rd period - Slapshot by Ryan Nugent-Hopkins.
17:15 of 3rd period - Shot Misses the Net.
17:25 of 3rd period - Snap shot by Jordan Eberle.
17:25 of 3rd period - Shot Misses the Net.
17:27 of 3rd period - Slapshot by Adam Larsson.
17:27 of 3rd period - Deflect By Marc Staal.
17:27 of 3rd period - Stopped by Cam Ward without a rebound.
17:28 of 3rd period - Kyle Turris wins face-off versus Maxim Lapierre in Avalanche zone.
17:28 of 3rd period - Kyle Turris is hit by Maxim Lapierre.
17:47 of 3rd period - Minor Penalty to Cam Barker for Hooking.
17:48 of 3rd period - Bryan Little wins face-off versus Connor McDavid in Oilers zone.
18:02 of 3rd period - Wrist shot by Colten Teubert.
18:02 of 3rd period - Stopped by James Reimer without a rebound.
18:03 of 3rd period - Connor McDavid wins face-off versus Bryan Little in Oilers zone.
18:11 of 3rd period - Off-side.
18:12 of 3rd period - Connor McDavid wins face-off versus Bryan Little in neutral zone.
18:52 of 3rd period - Slapshot by Bryan Little.
18:52 of 3rd period - Stopped by James Reimer with a rebound.
18:54 of 3rd period - Wrist shot by Mikkel Boedker.
18:54 of 3rd period - Shot Blocked by Connor McDavid.
18:56 of 3rd period - Slapshot by Mikkel Boedker.
18:56 of 3rd period - Shot Blocked by Duncan Keith.
19:06 of 3rd period - Snap shot by Patric Hornqvist.
19:06 of 3rd period - Goal by Patric Hornqvist - Oilers : 3 - Avalanche : 2.
19:07 of 3rd period - Connor McDavid wins face-off versus Bryan Little in neutral zone.
19:22 of 3rd period - Snap shot by Connor McDavid.
19:22 of 3rd period - Stopped by Cam Ward with a rebound.
19:24 of 3rd period - Wrist shot by Connor McDavid.
19:24 of 3rd period - Shot Blocked by Bryan Little.
19:38 of 3rd period - Snap shot by Connor McDavid.
19:38 of 3rd period - Stopped by Cam Ward without a rebound.
19:39 of 3rd period - Mike Keenan call a timeout for Avalanche.
19:39 of 3rd period - Bryan Little wins face-off versus Connor McDavid in Avalanche zone.
19:48 of 3rd period - Snap shot by Connor McDavid.
19:48 of 3rd period - Shot Blocked by Erik Karlsson.
19:50 of 3rd period - Slapshot by Taylor Hall.
19:50 of 3rd period - Stopped by Cam Ward with a rebound.
19:52 of 3rd period - Snap shot by Connor McDavid.
19:52 of 3rd period - Deflect By Jordan Eberle.
19:52 of 3rd period - Shot Misses the Net.
19:52 of 3rd period - Puck is out of play.
19:53 of 3rd period - Connor McDavid wins face-off versus Bryan Little in Avalanche zone.
19:54 of 3rd period - Snap shot by Taylor Hall.
19:54 of 3rd period - Shot Blocked by Mikkel Boedker.
19:56 of 3rd period - Snap shot by Connor McDavid.
19:56 of 3rd period - Shot Hit the Post.
19:58 of 3rd period - Wrist shot by Jordan Eberle.
19:58 of 3rd period - Stopped by Cam Ward without a rebound.
19:59 of 3rd period - Connor McDavid wins face-off versus Bryan Little in Avalanche zone.
Goals for this period are 1 for Oilers vs 1 for Avalanche.
Shots for this period are 13 for Oilers vs 9 for Avalanche.
Output by the SimonT Hockey Simulator (STHS) for Francois Prevost